[Event "SVK Amateur-ch 2020"]
[Site "Topolcany"]
[Date "2020.07.10"]
[Round "1.1"]
[White "Majzlan, Blazej"]
[Black "Lach, Piotr"]
[Result "1/2-1/2"]
[ECO "B23"]
[WhiteElo "1656"]
[BlackElo "2086"]
[Annotator "RC"]
[PlyCount "40"]
[EventDate "2020.07.10"]
[EventType "swiss"]
[EventCountry "SVK"]
[SourceTitle "playchess.com"]
[Source "ChessBase"]
[SourceQuality "1"]
[TimeControl "3600+30"]

1. e4 c5 2. Nc3 a6 3. d3 b5 4. a3 g6 5. g3 Bb7 6. Bg2 Bg7 7. Nge2 Nc6 8. O-O e6 9. Nf4 Nge7 10. h4 Nd4 11. Nce2 e5 12. Nh3 Nxe2+ 13. Qxe2 O-O 14. Bg5 f6 15. Be3 Rc8 16. c3 d5 17. f4 d4 18. cxd4 exd4 19. Bd2 Qd7 20. Rfc1 f5 1/2-1/2

[Event "SVK Amateur-ch 2020"]
[Site "Topolcany"]
[Date "2020.07.10"]
[Round "1.2"]
[White "Lecky, Juraj"]
[Black "Skrinar, Marek"]
[Result "0-1"]
[ECO "B01"]
[WhiteElo "2083"]
[BlackElo "1654"]
[Annotator "RC"]
[PlyCount "81"]
[EventDate "2020.07.10"]
[EventType "swiss"]
[EventCountry "SVK"]
[SourceTitle "playchess.com"]
[Source "ChessBase"]
[SourceQuality "1"]
[TimeControl "3600+30"]

1. e4 d5 2. exd5 Qxd5 3. Nc3 Qa5 4. d4 c6 5. Bc4 Nf6 6. Nf3 Bf5 7. O-O e6 8. Ne5 Be7 9. Be3 O-O 10. a3 Nd5 11. Nxd5 cxd5 12. Bd3 Bxd3 13. Qxd3 Qa6 14. Qd2 Rd8 15. f4 Nd7 16. Rf3 Nf6 17. Rh3 Ne4 18. Qd1 g6 19. g4 f5 20. g5 Bd6 21. Nd3 Rac8 22. Rf3 Qc4 23. Rc1 Qc7 24. h4 Qg7 25. Rh3 Kf7 26. h5 Rc7 27. c3 Rdc8 28. Rc2 Rh8 29. Rch2 Rcc8 30. Qb3 b6 31. Qa4 Rc7 32. hxg6+ Qxg6 33. Rh6 Qg8 34. Qd1 Kf8 35. Qh5 Rg7 36. Rg2 Rg6 37. Qh4 Ke8 38. Kf1 Qf7 39. Rh2 Rxh6 40. Qxh6 Bf8 41. Qh5 0-1

[Event "SVK Amateur-ch 2020"]
[Site "Topolcany"]
[Date "2020.07.10"]
[Round "1.3"]
[White "Rakovsky, Jakub"]
[Black "Szitas, Gabor"]
[Result "1/2-1/2"]
[ECO "C50"]
[WhiteElo "1644"]
[BlackElo "2082"]
[Annotator "RC"]
[PlyCount "68"]
[EventDate "2020.07.10"]
[EventType "swiss"]
[EventCountry "SVK"]
[SourceTitle "playchess.com"]
[Source "ChessBase"]
[SourceQuality "1"]
[TimeControl "3600+30"]

1. e4 e5 2. Bc4 Nf6 3. d3 Nc6 4. Nf3 Bc5 5. Bg5 d6 6. Nc3 h6 7. Bh4 g5 8. Nxg5 hxg5 9. Bxg5 Rg8 10. h4 Bg4 11. f3 Be6 12. a3 Nd4 13. f4 Bxc4 14. dxc4 Ne6 15. fxe5 Nxg5 16. hxg5 Nd7 17. e6 Qxg5 18. exd7+ Kxd7 19. Qf3 Rae8 20. Nd5 f5 21. Rh5 Rxe4+ 22. Kf1 Qg6 23. Qxf5+ Qxf5+ 24. Rxf5 Ke6 25. Rf6+ Ke5 26. Rf7 Kd4 27. b3 c6 28. Rd1+ Ke5 29. Re7+ Kf5 30. Rxe4 cxd5 31. Re7 dxc4 32. bxc4 Rg3 33. Rd3 Rxd3 34. g3 Kg6 1/2-1/2

[Event "SVK Amateur-ch 2020"]
[Site "Topolcany"]
[Date "2020.07.10"]
[Round "1.4"]
[White "Deruelle Sala, Albert"]
[Black "Mikula, Martin"]
[Result "1-0"]
[ECO "D71"]
[WhiteElo "2078"]
[BlackElo "1641"]
[Annotator "ChessBase"]
[PlyCount "89"]
[EventDate "2020.07.10"]
[EventType "swiss"]
[EventCountry "SVK"]
[SourceTitle "playchess.com"]
[Source "ChessBase"]
[SourceQuality "1"]
[TimeControl "3600+30"]

1. d4 Nf6 2. c4 g6 3. Nc3 d5 4. cxd5 Nxd5 5. g3 Bg7 6. Bg2 c6 7. e3 O-O 8. Nge2 Be6 9. O-O Na6 10. Bd2 Nac7 11. Ne4 Bg4 12. h3 Bd7 13. Nc5 Rb8 14. Nxd7 Qxd7 15. Qa4 Nb5 16. Rac1 Nb6 17. Qa5 Nd6 18. b3 Nbc8 19. Rfd1 Qd8 20. Qc3 Nb6 21. a4 e6 22. Qc2 Re8 23. Nf4 Nf5 24. Nd3 Nd7 25. Bc3 Qg5 26. b4 Nb6 27. Nc5 Red8 28. Be1 Nd7 29. b5 Nxc5 30. dxc5 Rxd1 31. Rxd1 Ne7 32. Rd7 cxb5 33. axb5 Nd5 34. e4 Qe5 35. Bd2 Qa1+ 36. Bf1 Nf6 37. Rc7 Ne8 38. Rd7 Nf6 39. Bc3 Qa3 40. Bxf6 Bxf6 41. c6 bxc6 42. bxc6 a6 43. c7 Rc8 44. Qc6 Qa5 45. Qb7 1-0

[Event "SVK Amateur-ch 2020"]
[Site "Topolcany"]
[Date "2020.07.10"]
[Round "1.5"]
[White "Kostic, Ivan"]
[Black "Tropp, Oliver"]
[Result "0-1"]
[ECO "E00"]
[WhiteElo "1694"]
[BlackElo "2077"]
[Annotator "ChessBase"]
[PlyCount "82"]
[EventDate "2020.07.10"]
[EventType "swiss"]
[EventCountry "SVK"]
[SourceTitle "playchess.com"]
[Source "ChessBase"]
[SourceQuality "1"]
[TimeControl "3600+30"]

1. d4 e6 2. c4 d5 3. e3 Nf6 4. a3 a5 5. b3 c5 6. cxd5 exd5 7. dxc5 Bxc5 8. Bb2 O-O 9. Nf3 Nc6 10. Be2 Re8 11. O-O Ne4 12. Nc3 Nxc3 13. Bxc3 Qe7 14. Bb2 Be6 15. Bb5 Rec8 16. Re1 Na7 17. Bf1 Nc6 18. Re2 Ra6 19. Rd2 Rb6 20. Nd4 Nxd4 21. Bxd4 Bxd4 22. Rxd4 g6 23. Qd2 Rxb3 24. Qxa5 Rc2 25. Rb4 Rxb4 26. Qxb4 Qf6 27. Qe1 Rxf2 28. Rb1 Rb2 29. Rxb2 Qxb2 30. Qb4 Qxb4 31. axb4 Kg7 32. b5 b6 33. Kf2 Kf6 34. Ke2 Ke5 35. Kd3 Bd7 36. Kd2 Kd6 37. g3 Kc5 38. Kc3 f6 39. Bd3 Bxb5 40. Bxb5 Kxb5 41. Kd4 Kc6 0-1

[Event "SVK Amateur-ch 2020"]
[Site "Topolcany"]
[Date "2020.07.10"]
[Round "1.6"]
[White "Frink, Ferenc"]
[Black "Hasterok, Lukasz"]
[Result "1-0"]
[ECO "B10"]
[WhiteElo "2075"]
[BlackElo "1622"]
[Annotator "ChessBase"]
[PlyCount "79"]
[EventDate "2020.07.10"]
[EventType "swiss"]
[EventCountry "SVK"]
[SourceTitle "playchess.com"]
[Source "ChessBase"]
[SourceQuality "1"]
[TimeControl "3600+30"]

1. e4 c6 2. a3 d5 3. e5 Bf5 4. d4 e6 5. Bd3 Bxd3 6. Qxd3 c5 7. c3 Nc6 8. b4 cxd4 9. cxd4 Qb6 10. Ne2 Nge7 11. O-O Nf5 12. Be3 Be7 13. Nbc3 O-O 14. Nxd5 Qd8 15. Nxe7+ Nfxe7 16. Qe4 Nd5 17. Qg4 Nce7 18. Bg5 Qd7 19. Rad1 Rac8 20. h4 Nf5 21. Rd3 f6 22. exf6 Nxf6 23. Bxf6 Rxf6 24. Nf4 Rc4 25. Rfd1 Qf7 26. g3 b5 27. Nh3 e5 28. dxe5 h6 29. Qe2 Rfc6 30. Rd7 Qe6 31. Nf4 Rxf4 32. gxf4 Qg6+ 33. Kh2 Nxh4 34. Rg1 Qf5 35. Rdxg7+ Kf8 36. Rg8+ Ke7 37. R1g7+ Ke6 38. Re8+ Kd5 39. Rd7+ Qxd7 40. Qd3# 1-0

[Event "SVK Amateur-ch 2020"]
[Site "Topolcany"]
[Date "2020.07.10"]
[Round "1.7"]
[White "Slovak, Pavol"]
[Black "Ihnat, Marek"]
[Result "0-1"]
[ECO "D93"]
[WhiteElo "1618"]
[BlackElo "2065"]
[Annotator "ChessBase"]
[PlyCount "116"]
[EventDate "2020.07.10"]
[EventType "swiss"]
[EventCountry "SVK"]
[SourceTitle "playchess.com"]
[Source "ChessBase"]
[SourceQuality "1"]
[TimeControl "3600+30"]

1. Nf3 Nf6 2. d4 g6 3. c4 Bg7 4. Nc3 d5 5. Bf4 O-O 6. e3 c5 7. dxc5 Qa5 8. Qa4 Qxc5 9. b4 Qc6 10. Nd4 Qxa4 11. Nxa4 Bd7 12. Nc5 b6 13. Nxd7 Nbxd7 14. Bg5 Ne4 15. Bh4 g5 16. Bg3 dxc4 17. Bxc4 Nxg3 18. hxg3 Ne5 19. Bd5 Rad8 20. Be4 h6 21. Rd1 e6 22. Ke2 Rd7 23. Nc6 Rxd1 24. Rxd1 Nxc6 25. Bxc6 Rc8 26. b5 Rc7 27. g4 Kf8 28. Kf3 Ke7 29. Ke4 a6 30. a4 axb5 31. axb5 Ra7 32. Rd3 Ra4+ 33. Kf3 Ra7 34. Kg3 Be5+ 35. Kf3 Bd6 36. Rd1 Be5 37. Ke4 Ra4+ 38. Kf3 Ra7 39. g3 Bg7 40. Kg2 Bc3 41. Rd3 Bb4 42. f4 Bc5 43. Kf3 Kf6 44. Bd7 Ra2 45. Be8 Ke7 46. Bc6 Ra7 47. e4 Ra1 48. f5 e5 49. Rd7+ Kf6 50. Bd5 Ra3+ 51. Kg2 Be7 52. Rb7 Ra1 53. Rxb6+ Kg7 54. Rc6 Rb1 55. b6 Rb2+ 56. Kf3 Bd8 57. Rc8 Bxb6 58. f6+ Kh7 0-1

[Event "SVK Amateur-ch 2020"]
[Site "Topolcany"]
[Date "2020.07.10"]
[Round "1.8"]
[White "Hasterok, Mateusz"]
[Black "Durovka, Marek"]
[Result "1-0"]
[ECO "D11"]
[WhiteElo "2056"]
[BlackElo "1593"]
[Annotator "ChessBase"]
[PlyCount "61"]
[EventDate "2020.07.10"]
[EventType "swiss"]
[EventCountry "SVK"]
[SourceTitle "playchess.com"]
[Source "ChessBase"]
[SourceQuality "1"]
[TimeControl "3600+30"]

1. d4 d5 2. c4 c6 3. Nc3 Nf6 4. e3 Bg4 5. Nf3 e6 6. Be2 Bd6 7. O-O O-O 8. Ne5 Bxe2 9. Qxe2 Nbd7 10. f4 Qe7 11. Bd2 Rfd8 12. c5 Bc7 13. Be1 Nxe5 14. fxe5 Nd7 15. Qg4 Rf8 16. Bh4 f6 17. e4 b6 18. exd5 exd5 19. Rae1 Bxe5 20. cxb6 axb6 21. dxe5 Nxe5 22. Qf5 d4 23. Nd1 Rxa2 24. Bg3 Ra5 25. Qc2 Rd8 26. Qb3+ Rdd5 27. Bxe5 fxe5 28. Qxb6 Qd6 29. Qb7 Qd7 30. Rxe5 h6 31. Qxd7 1-0

[Event "SVK Amateur-ch 2020"]
[Site "Topolcany"]
[Date "2020.07.10"]
[Round "1.9"]
[White "Galdik, Stefan"]
[Black "Blaho, Stefan"]
[Result "0-1"]
[ECO "D51"]
[WhiteElo "1583"]
[BlackElo "2054"]
[Annotator "ChessBase"]
[PlyCount "85"]
[EventDate "2020.07.10"]
[EventType "swiss"]
[EventCountry "SVK"]
[SourceTitle "playchess.com"]
[Source "ChessBase"]
[SourceQuality "1"]
[TimeControl "3600+30"]

1. d4 d5 2. c4 e6 3. Nc3 Nf6 4. Bg5 Bb4 5. e3 Nbd7 6. a3 Bxc3+ 7. bxc3 c5 8. Nf3 Qa5 9. Qb3 O-O 10. Bxf6 Nxf6 11. Bd3 cxd4 12. exd4 dxc4 13. Bxc4 b5 14. Be2 Nd5 15. Rc1 Nf4 16. g3 Nxe2 17. Kxe2 Bb7 18. Rhe1 Rac8 19. Ne5 Rc7 20. Qb4 Qb6 21. Kf1 Rfc8 22. Re3 a5 23. Qb2 Bd5 24. Ree1 f6 25. Nd3 Bc4 26. Red1 Qc6 27. Kg1 Qf3 28. Ne1 Qe2 29. Qxe2 Bxe2 30. Rd2 Bh5 31. Rb2 Rxc3 32. Rxc3 Rxc3 33. Rxb5 Rxa3 34. Rxh5 f5 35. Nc2 Rc3 36. Ne3 a4 37. Nxf5 a3 38. Ne7+ Kf7 39. Ra5 Kxe7 40. Ra6 Kd7 41. Kg2 Rb3 42. h3 Kc7 43. Rd6 0-1

[Event "SVK Amateur-ch 2020"]
[Site "Topolcany"]
[Date "2020.07.10"]
[Round "1.10"]
[White "Matejov, Jaroslav"]
[Black "Sabela, Pavol"]
[Result "1-0"]
[ECO "C41"]
[WhiteElo "2047"]
[BlackElo "1582"]
[Annotator "ChessBase"]
[PlyCount "48"]
[EventDate "2020.07.10"]
[EventType "swiss"]
[EventCountry "SVK"]
[SourceTitle "playchess.com"]
[Source "ChessBase"]
[SourceQuality "1"]
[TimeControl "3600+30"]

1. e4 e5 2. Nf3 d6 3. d4 exd4 4. Nxd4 Ne7 5. Bc4 Ng6 6. f4 Be7 7. O-O c6 8. c3 b5 9. Bb3 a5 10. a4 b4 11. Qh5 O-O 12. Be3 c5 13. Nb5 Bb7 14. Bd5 Bxd5 15. Qxd5 Ra6 16. Nd2 Bf6 17. Rad1 Rc6 18. Nc4 bxc3 19. bxc3 Qe7 20. Ncxd6 Rd8 21. e5 Nxe5 22. fxe5 Bxe5 23. Nf5 Qd7 24. Qxe5 Qxd1 1-0

[Event "SVK Amateur-ch 2020"]
[Site "Topolcany"]
[Date "2020.07.10"]
[Round "1.11"]
[White "Varga, Marcell"]
[Black "Miciak, Emanuel"]
[Result "1-0"]
[ECO "B23"]
[WhiteElo "2150"]
[BlackElo "1847"]
[Annotator "RC"]
[PlyCount "63"]
[EventDate "2020.07.10"]
[EventType "swiss"]
[EventCountry "SVK"]
[SourceTitle "playchess.com"]
[Source "ChessBase"]
[SourceQuality "1"]
[TimeControl "3600+30"]

1. e4 c5 2. Nc3 d6 3. d3 Nc6 4. Be3 g6 5. Qd2 Bg7 6. Nge2 Nf6 7. Bh6 O-O 8. h4 b5 9. h5 Bxh6 10. Qxh6 Nxh5 11. Nf4 Nf6 12. Ncd5 Re8 13. Nxf6+ exf6 14. Qxh7+ Kf8 15. Qh8+ Ke7 16. Nd5+ Ke6 17. Qxe8+ Qxe8 18. Nc7+ Kd7 19. Nxe8 Kxe8 20. Rh8+ Ke7 21. g3 Nd4 22. O-O-O b4 23. Bh3 Bb7 24. Rxa8 Bxa8 25. c3 bxc3 26. bxc3 Nb5 27. Kd2 Bc6 28. Bc8 Na3 29. Rh1 Ba4 30. Bb7 Be8 31. Bd5 Nb5 32. Rb1 1-0

[Event "SVK Amateur-ch 2020"]
[Site "Topolcany"]
[Date "2020.07.10"]
[Round "1.11"]
[White "Sokol, Eduard"]
[Black "Stevik, Patrik"]
[Result "0-1"]
[ECO "D63"]
[WhiteElo "1571"]
[BlackElo "2047"]
[Annotator "ChessBase"]
[PlyCount "50"]
[EventDate "2020.07.10"]
[EventType "swiss"]
[EventCountry "SVK"]
[SourceTitle "playchess.com"]
[Source "ChessBase"]
[SourceQuality "1"]
[TimeControl "3600+30"]

1. Nf3 Nf6 2. d4 e6 3. c4 d5 4. Nc3 a6 5. Bg5 Be7 6. e3 O-O 7. Be2 dxc4 8. Bxc4 b5 9. Bd3 Bb7 10. O-O Nbd7 11. Rc1 c5 12. Be2 Qb6 13. dxc5 Nxc5 14. Ne5 Rfd8 15. Qe1 h6 16. Bxf6 Bxf6 17. Ng4 Be7 18. Ne5 Rac8 19. Rd1 b4 20. Rxd8+ Rxd8 21. Nb1 a5 22. Nd2 Bf6 23. Nec4 Qc7 24. Bf3 Bxf3 25. Nxf3 Nd3 0-1

[Event "SVK Amateur-ch 2020"]
[Site "Topolcany"]
[Date "2020.07.10"]
[Round "1.12"]
[White "Nadzamova, Viktoria"]
[Black "Krucay, Jozef"]
[Result "1-0"]
[ECO "C84"]
[WhiteElo "2046"]
[BlackElo "1562"]
[Annotator "ChessBase"]
[PlyCount "77"]
[EventDate "2020.07.10"]
[EventType "swiss"]
[EventCountry "SVK"]
[SourceTitle "playchess.com"]
[Source "ChessBase"]
[SourceQuality "1"]
[TimeControl "3600+30"]

1. e4 e5 2. Nf3 Nc6 3. Bb5 d6 4. c3 a6 5. Ba4 b5 6. Bc2 Nf6 7. O-O Be7 8. a4 b4 9. d4 exd4 10. cxd4 Bg4 11. Be3 a5 12. h3 Bh5 13. Nbd2 h6 14. Rc1 Na7 15. d5 c5 16. dxc6 Nxc6 17. Bd3 Ne5 18. Bb5+ Nfd7 19. g4 Nxf3+ 20. Qxf3 Bg6 21. Nc4 Rb8 22. e5 O-O 23. exd6 Bf6 24. Rfd1 Ne5 25. Nxe5 Bxe5 26. b3 Kh8 27. Rc5 Bf6 28. d7 Bc3 29. Bf4 Qf6 30. Rc6 Qh4 31. Bxb8 Bf6 32. Rc8 Rg8 33. Bc7 Qg5 34. Rxg8+ Kxg8 35. Qa8+ Kh7 36. d8=Q Bxd8 37. Rxd8 Bc2 38. Rh8+ Kg6 39. Qc6+ 1-0

[Event "SVK Amateur-ch 2020"]
[Site "Topolcany"]
[Date "2020.07.10"]
[Round "1.13"]
[White "Dubnicka, Ferdinand"]
[Black "Brnusak, Tomas"]
[Result "0-1"]
[ECO "B30"]
[WhiteElo "1552"]
[BlackElo "2044"]
[Annotator "ChessBase"]
[PlyCount "92"]
[EventDate "2020.07.10"]
[EventType "swiss"]
[EventCountry "SVK"]
[SourceTitle "playchess.com"]
[Source "ChessBase"]
[SourceQuality "1"]
[TimeControl "3600+30"]

1. e4 c5 2. Nf3 e6 3. Bc4 Nc6 4. c3 Nge7 5. d3 g6 6. Be3 b6 7. Nbd2 Bg7 8. Nf1 O-O 9. Ng3 d5 10. Bb3 Qc7 11. O-O Rd8 12. Qc1 Ba6 13. Rd1 dxe4 14. dxe4 Na5 15. Bf4 e5 16. Be3 c4 17. Bc2 Nb7 18. Rd2 Nc5 19. Qf1 Rxd2 20. Bxd2 Rd8 21. Be3 Nd3 22. Rb1 h6 23. h3 f5 24. exf5 gxf5 25. Nh5 Ng6 26. Nxg7 Qxg7 27. Rd1 Bb7 28. Ne1 f4 29. Nxd3 fxe3 30. Nc1 exf2+ 31. Qxf2 Rxd1+ 32. Bxd1 Nf4 33. Bg4 h5 34. Bf5 Qg5 35. Qc2 Nxg2 36. Bh7+ Kg7 37. Qf5 Qxc1+ 38. Kh2 Qf4+ 39. Kg1 Qxf5 40. Bxf5 Nf4 41. Kh2 Kf6 42. Bc2 h4 43. Bd1 e4 44. Bg4 e3 45. Kg1 Bg2 46. b3 Bxh3 0-1

[Event "SVK Amateur-ch 2020"]
[Site "Topolcany"]
[Date "2020.07.10"]
[Round "1.14"]
[White "Zetocha, Adrian"]
[Black "Janik, Marek Tobias"]
[Result "1-0"]
[ECO "D38"]
[WhiteElo "2041"]
[BlackElo "1549"]
[Annotator "ChessBase"]
[PlyCount "71"]
[EventDate "2020.07.10"]
[EventType "swiss"]
[EventCountry "SVK"]
[SourceTitle "playchess.com"]
[Source "ChessBase"]
[SourceQuality "1"]
[TimeControl "3600+30"]

1. d4 d5 2. c4 e6 3. Nc3 Nf6 4. cxd5 exd5 5. Bg5 Bb4 6. e3 h6 7. Bxf6 Qxf6 8. Qb3 Bxc3+ 9. bxc3 c6 10. Nf3 Nd7 11. Bd3 O-O 12. O-O Re8 13. Rfe1 Nb6 14. a4 Rb8 15. a5 Nd7 16. e4 dxe4 17. Bxe4 Nf8 18. Bh7+ Kxh7 19. Rxe8 Be6 20. Qc2+ Bf5 21. Qe2 Rxe8 22. Qxe8 Ne6 23. a6 b6 24. Qxc6 Qg6 25. Nh4 Qg5 26. Nxf5 Qxf5 27. Re1 Nf4 28. Qe4 Qxe4 29. Rxe4 Nd5 30. c4 Nf6 31. Re7 Kg6 32. Rxa7 Ne4 33. Rb7 Kf5 34. a7 Nd6 35. Rc7 g6 36. a8=Q 1-0

[Event "SVK Amateur-ch 2020"]
[Site "Topolcany"]
[Date "2020.07.10"]
[Round "1.15"]
[White "Jdaieh, Adel"]
[Black "Tropp, Frantisek"]
[Result "0-1"]
[ECO "C29"]
[WhiteElo "1541"]
[BlackElo "2040"]
[Annotator "ChessBase"]
[PlyCount "108"]
[EventDate "2020.07.10"]
[EventType "swiss"]
[EventCountry "SVK"]
[SourceTitle "playchess.com"]
[Source "ChessBase"]
[SourceQuality "1"]
[TimeControl "3600+30"]

1. e4 e5 2. Nc3 Nf6 3. f4 d5 4. fxe5 Nxe4 5. Nf3 Be7 6. d3 Bh4+ 7. g3 Nxc3 8. bxc3 Be7 9. Bg2 Be6 10. Nd4 Qd7 11. O-O Nc6 12. Nxe6 Qxe6 13. d4 Na5 14. Qh5 c6 15. Bh3 Qg6 16. Qg4 Qxg4 17. Bxg4 O-O 18. Be2 f6 19. exf6 Rxf6 20. Rxf6 Bxf6 21. Ba3 Re8 22. Kf1 Nc4 23. Bxc4 dxc4 24. Re1 Rxe1+ 25. Kxe1 Kf7 26. Ke2 Ke6 27. Bc1 Kd5 28. Kf3 c5 29. Bd2 cxd4 30. cxd4 Bxd4 31. Bb4 b5 32. c3 Be5 33. h4 h5 34. Ba5 g6 35. Bb4 Bc7 36. Ba3 a5 37. Bc1 b4 38. cxb4 axb4 39. g4 Kd4 40. gxh5 gxh5 41. Ke2 Bg3 42. Bg5 Kc3 43. Bd2+ Kb2 44. Bxb4 Kxa2 45. Bc3 Bxh4 46. Kf1 Kb3 47. Bd2 Kc2 48. Bf4 Bf6 49. Ke2 c3 50. Kf3 Kd1 51. Kg2 c2 52. Kf1 Bc3 53. Kg2 Bd2 54. Kf1 Bxf4 0-1

[Event "SVK Amateur-ch 2020"]
[Site "Topolcany"]
[Date "2020.07.10"]
[Round "1.16"]
[White "Meers, Hubert"]
[Black "Cernicky, Jan"]
[Result "1-0"]
[ECO "B00"]
[WhiteElo "2037"]
[BlackElo "1538"]
[Annotator "ChessBase"]
[PlyCount "37"]
[EventDate "2020.07.10"]
[EventType "swiss"]
[EventCountry "SVK"]
[SourceTitle "playchess.com"]
[Source "ChessBase"]
[SourceQuality "1"]
[TimeControl "3600+30"]

1. e4 b6 2. d4 Bb7 3. Bd3 e6 4. Nd2 Nf6 5. Ngf3 c5 6. c3 Be7 7. O-O O-O 8. Qe2 d6 9. Rd1 a6 10. Nf1 b5 11. dxc5 d5 12. Ng3 Bxc5 13. e5 Nfd7 14. Bxh7+ Kh8 15. Bc2 Be7 16. Qd3 g6 17. Qe3 Nc6 18. Qh6+ Kg8 19. Nh5 1-0

[Event "SVK Amateur-ch 2020"]
[Site "Topolcany"]
[Date "2020.07.10"]
[Round "1.17"]
[White "Ralik, Oliver"]
[Black "Garban, Mario"]
[Result "0-1"]
[ECO "C96"]
[WhiteElo "1529"]
[BlackElo "2031"]
[Annotator "ChessBase"]
[PlyCount "94"]
[EventDate "2020.07.10"]
[EventType "swiss"]
[EventCountry "SVK"]
[SourceTitle "playchess.com"]
[Source "ChessBase"]
[SourceQuality "1"]
[TimeControl "3600+30"]

1. e4 e5 2. Nf3 Nc6 3. Bb5 a6 4. Ba4 Nf6 5. O-O b5 6. Bb3 Be7 7. Re1 d6 8. c3 O-O 9. h3 Na5 10. Bc2 c5 11. d4 cxd4 12. cxd4 Nc6 13. d5 Nb4 14. Bb3 a5 15. a3 Na6 16. Bc2 Nc5 17. Nbd2 Bd7 18. Nf1 b4 19. Ng3 Qb6 20. Bg5 b3 21. Bd3 Nxd3 22. Qxd3 a4 23. Qe3 Qxe3 24. Bxe3 Rfc8 25. Red1 Rc2 26. Rd2 Rac8 27. Rxc2 Rxc2 28. Rb1 Bb5 29. Ne1 Rc8 30. Nf5 Bf8 31. Ng3 g6 32. f3 h5 33. Kf2 Be7 34. Ne2 Bd8 35. Nc3 Bd7 36. Nd3 Ne8 37. g3 Ba5 38. Nb4 Bxb4 39. axb4 Rb8 40. b5 Bxb5 41. Nxb5 Rxb5 42. Rc1 Rb7 43. Bd2 Nc7 44. f4 f6 45. Ke2 Nb5 46. Kd1 a3 47. Bb4 a2 0-1

[Event "SVK Amateur-ch 2020"]
[Site "Topolcany"]
[Date "2020.07.10"]
[Round "1.26"]
[White "Panda, Barnabas"]
[Black "Nikanova, Ekaterina"]
[Result "0-1"]
[ECO "A41"]
[WhiteElo "1741"]
[BlackElo "2116"]
[Annotator "ChessBase"]
[PlyCount "76"]
[EventDate "2020.07.10"]
[EventType "swiss"]
[EventCountry "SVK"]
[SourceTitle "playchess.com"]
[Source "ChessBase"]
[SourceQuality "1"]
[TimeControl "3600+30"]

1. d4 d6 2. c4 e5 3. Nc3 exd4 4. Qxd4 Nc6 5. Qd1 g6 6. Nf3 Bg7 7. Bg5 Nf6 8. e3 h6 9. Bh4 O-O 10. Be2 Be6 11. O-O g5 12. Bg3 Nh5 13. Nd4 Nxg3 14. hxg3 Nxd4 15. exd4 d5 16. cxd5 Bxd5 17. Rc1 c6 18. Qd2 Qd6 19. f4 Rad8 20. Rcd1 Be6 21. f5 Bc8 22. Rf3 Qxd4+ 23. Qxd4 Bxd4+ 24. Kf1 Bxc3 25. bxc3 Rxd1+ 26. Bxd1 Rd8 27. Bc2 b6 28. Ke1 Kg7 29. f6+ Kf8 30. Rd3 Rxd3 31. Bxd3 Be6 32. a3 Ke8 33. Kf2 Kd7 34. Ke3 Kd6 35. Be4 c5 36. Bf3 Ke5 37. Bb7 Kxf6 38. Ke4 Ke7 0-1

[Event "SVK Amateur-ch 2020"]
[Site "Topolcany"]
[Date "2020.07.10"]
[Round "2.1"]
[White "Stevik Patrik ml."]
[Black "Rabovszky Gyorgy"]
[Result "1-0"]
[ECO "A01"]
[WhiteElo "2047"]
[BlackElo "1716"]
[Annotator "ChessBase"]
[PlyCount "74"]
[EventDate "2020.07.10"]
[EventType "swiss"]
[EventCountry "SVK"]
[SourceTitle "playchess.com"]
[Source "ChessBase"]
[SourceQuality "1"]
[TimeControl "3600+30"]

1. b3 e5 2. Bb2 Nc6 3. e3 Nf6 4. Nf3 d6 5. d4 exd4 6. exd4 Bg4 7. Be2 Be7 8. O-O O-O 9. c4 Re8 10. d5 Bxf3 11. Bxf3 Ne5 12. Be2 Qd7 13. h3 Ne4 14. Nd2 Nxd2 15. Qxd2 Ng6 16. Bd3 h6 17. Qc2 Ne5 18. Bf5 Qd8 19. f4 Nd7 20. Rae1 Bh4 21. Rxe8+ Qxe8 22. Qd3 g6 23. Bxd7 Qxd7 24. Qc3 f6 25. g3 Qxh3 26. gxh4 Qg4+ 27. Kf2 Re8 28. Qf3 Qxh4+ 29. Kg2 f5 30. Qg3 Qh5 31. Rf2 Re1 32. Rf1 Re2+ 33. Rf2 Re1 34. Qf3 Qh1+ 35. Kg3 Rg1+ 36. Rg2 h5 37. Qf2 h4+ 1-0

[Event "SVK Amateur-ch 2020"]
[Site "Topolcany"]
[Date "2020.07.10"]
[Round "2.2"]
[White "Wallenfels Tomas"]
[Black "Nadzamova, Viktoria"]
[Result "0-1"]
[ECO "A46"]
[WhiteElo "1000"]
[BlackElo "2046"]
[Annotator "ChessBase"]
[PlyCount "58"]
[EventDate "2020.07.10"]
[EventType "swiss"]
[EventCountry "SVK"]
[SourceTitle "playchess.com"]
[Source "ChessBase"]
[SourceQuality "1"]
[TimeControl "3600+30"]

1. Nf3 c5 2. d4 cxd4 3. Nxd4 Nf6 4. Nc3 e6 5. Bg5 Be7 6. e3 Nc6 7. Bxf6 Bxf6 8. Qd2 a6 9. O-O-O O-O 10. Ne4 d5 11. Nxc6 bxc6 12. Nxf6+ Qxf6 13. g3 Rb8 14. Qd4 e5 15. Qa7 Bg4 16. Rd2 Rfc8 17. Bxa6 Ra8 18. Qb6 Rcb8 19. Qc7 Qd8 20. Qxc6 Rb6 21. Qxd5 Qxd5 22. Rxd5 Bf3 23. Rhd1 Bxd1 24. Rxd1 Rbxa6 25. Rd5 f6 26. a3 Ra4 27. Rd3 h5 28. b4 Rxa3 29. Rxa3 Rxa3 0-1

[Event "SVK Amateur-ch 2020"]
[Site "Topolcany"]
[Date "2020.07.10"]
[Round "2.3"]
[White "Brnusak, Tomas"]
[Black "Malinovsky Jozef"]
[Result "1-0"]
[ECO "A05"]
[WhiteElo "2028"]
[BlackElo "1698"]
[Annotator "ChessBase"]
[PlyCount "101"]
[EventDate "2020.07.10"]
[EventType "swiss"]
[EventCountry "SVK"]
[SourceTitle "playchess.com"]
[Source "ChessBase"]
[SourceQuality "1"]
[TimeControl "3600+30"]

1. Nf3 Nc6 2. g3 Nf6 3. Bg2 e5 4. d3 Be7 5. c4 e4 6. dxe4 Nxe4 7. O-O d6 8. Nd4 f5 9. Nc3 Nxc3 10. bxc3 Nxd4 11. cxd4 O-O 12. Qb3 Rb8 13. Bb2 Kh8 14. Rfe1 Bf6 15. e4 fxe4 16. Bxe4 Bd7 17. Qc2 h6 18. Re3 b5 19. c5 dxc5 20. dxc5 Bxb2 21. Qxb2 Qf6 22. Rb1 Qxb2 23. Rxb2 a6 24. Rd2 Bh3 25. Ra3 Rf6 26. c6 Ra8 27. Rxa6 Rff8 28. Rxa8 Rxa8 29. Rb2 g5 30. f3 b4 31. Rxb4 Rxa2 32. Rb7 Rg2+ 33. Kf1 Rxg3+ 34. Ke1 Rg1+ 35. Kd2 Rg2+ 36. Ke3 Rxh2 37. Rxc7 Bf1 38. Ra7 Re2+ 39. Kd4 Rd2+ 40. Kc5 Bh3 41. Rh7+ Kg8 42. Rxh6 Bc8 43. Rg6+ Kf7 44. Rxg5 Ra2 45. Kb6 Rb2+ 46. Rb5 Rd2 47. Bf5 Bxf5 48. Rxf5+ Ke6 49. c7 Kxf5 50. c8=Q+ Kf4 51. Qc1 1-0

[Event "SVK Amateur-ch 2020"]
[Site "Topolcany"]
[Date "2020.07.10"]
[Round "2.4"]
[White "Voros Gellert"]
[Black "Majzlan, Blazej"]
[Result "1-0"]
[ECO "B22"]
[WhiteElo "2182"]
[BlackElo "1647"]
[Annotator "RC"]
[PlyCount "71"]
[EventDate "2020.07.10"]
[EventType "swiss"]
[EventCountry "SVK"]
[SourceTitle "playchess.com"]
[Source "ChessBase"]
[SourceQuality "1"]
[TimeControl "3600+30"]

1. e4 c5 2. c3 d5 3. exd5 Qxd5 4. d4 e6 5. Nf3 Nf6 6. Bd3 Nc6 7. O-O Be7 8. Be3 c4 9. Be2 O-O 10. Nbd2 Na5 11. Ne5 Nc6 12. Ndxc4 Nxe5 13. Nxe5 Qa5 14. Bf3 Nd5 15. Bd2 Qd8 16. c4 Nf6 17. Bc3 Rb8 18. b4 Nd7 19. Nd3 Qc7 20. c5 Nf6 21. b5 Nd5 22. Bxd5 exd5 23. Bd2 Bd7 24. Bf4 Qa5 25. Bxb8 Rxb8 26. a4 Bf6 27. Ne5 Bxe5 28. dxe5 Be6 29. Qd4 Qd8 30. a5 h5 31. Rfe1 Qe8 32. c6 bxc6 33. bxc6 Qe7 34. c7 Qb4 35. c8=Q+ Bxc8 36. Rec1 1-0